 Dungeon Crawl Stone Soup version 0.28-a0-1206-g193881aaa2 (webtiles) character file.

Game seed: 3264928706128043019

4 enile the Chopper (level 1, 0/20 HPs)
             Began as a Hill Orc Monk on Dec 20, 2021.
             Slain by a kobold (4 damage)
             ... on level 1 of the Dungeon.
             The game lasted 00:00:48 (45 turns).

enile the Chopper (Hill Orc Monk)                     Turns: 45, Time: 00:00:48

Health: 0/20       AC:  2    Str: 13    XL:     1   Next: 60%
Magic:  1/1        EV: 12    Int: 10    God:
Gold:   0          SH:  0    Dex: 13    Spells: 0/0 levels left

rFire   . . .      SeeInvis .   a - +1 hand axe
rCold   . . .      Faith    .   (no shield)
rNeg    . . .      Spirit   .   b - +0 robe
rPois   .          Reflect  .   (no helmet)
rElec   .          Harm     .   (no cloak)
rCorr   .          Rampage  .   (no gloves)
Will    .....                   (no boots)
Stlth   ++........              (no amulet)
HPRegen 0.06/turn               (no ring)
MPRegen 0.07/turn               (no ring)

@: no status effects
A: no striking features
a: no special abilities


You were on level 1 of the Dungeon.
You visited 1 branch of the dungeon, and saw 1 of its levels.

Inventory:

Hand Weapons
 a - a +1 hand axe (weapon)
Armour
 b - a +0 robe (worn)


   Skills:
 + Level 4.0 Fighting
 - Level 4.0 Axes
 - Level 2.4 Dodging
 - Level 1.5 Stealth


You couldn't memorise any spells.
You didn't know any spells.
Your spell library was empty.

Dungeon Overview and Level Annotations

Branches:
Dungeon (1/15)

Altars:


Message History

The hobgoblin barely misses you.
A kobold comes into view. It is wielding a +1 whip of pain.
You barely miss the hobgoblin.
The hobgoblin is severely wounded.
You hit the hobgoblin. The hobgoblin barely misses you.
The hobgoblin misses you.
A giant cockroach comes into view.
You hit the hobgoblin.
You kill the hobgoblin!
You hit the hobgoblin but do no damage. The hobgoblin closely misses you.
You hit the hobgoblin but do no damage.
The hobgoblin is heavily wounded.
The hobgoblin hits you.
You slash the hobgoblin!
You kill the hobgoblin!
You closely miss the kobold.
A giant cockroach comes into view.
The kobold hits you with a +1 whip of pain.
A jackal comes into view.
Training target 4.0 for Fighting reached!
Your Fighting skill increases to level 4!
You need to enable at least one skill for training.
The jackal barks!
You barely miss the kobold.
The kobold hits you with a +1 whip of pain.
You miss the kobold.
The giant cockroach waves its antennae.
The kobold hits you with a +1 whip of pain.
* * * LOW HITPOINT WARNING * * *
A kobold comes into view. It is wielding a +0 whip.
Press: ? - help, v - describe, . - travel The floor.
The jackal stops to sniff the ground.
The giant cockroach waves its antennae.
Sorry, you're not good enough to have a special ability.
As you read the scroll labelled LUD XAETUSIS, it crumbles to dust.
It is a scroll of enchant weapon.
Your +0 hand axe glows red for a moment.
The kobold hits you with a +1 whip of pain.
You die...

#.#.#.# #. #...##
#.. ##K## ##.. #B#
#... #B# # #..# #.#
#.#..# #h#
.###.#..#########K#
................@.#
..#####'#####.#####
..#PPP#.#PPP#.#
..#P⌠P#.#P⌠P#.#
..#PPP#.#PPP#.#
..#####.#####.#
..+....<....+..
..#####.#####...
..#PPP#.#PPP#.#


You could see a jackal, 2 giant cockroaches and 2 kobolds.

Vanquished Creatures
  A bat (D:1)
  2 hobgoblins (D:1)
3 creatures vanquished.

Notes
Turn   | Place    | Note
-------+----------+-------------------------------------------
     0 | D:1      | enile the Hill Orc Monk began the quest for the Orb.
     0 | D:1      | Reached XP level 1. HP: 19/19 MP: 1/1
    45 | D:1      | Slain by a kobold

Illustrated notes

Levels and vault maps discovered:
D:1:      beargit_arrival_greenhouse, layout_loops_ring,
          ebering_ecumenical_altar_mist, minmay_indecisive_spiral

Skill      XL: |  1 |
---------------+----+-----
Fighting       | 4 |  4.0
Axes           | |  4.0
Dodging        | |  2.4
Stealth        | |  1.5

Action                   || total
-------------------------++-------
Melee: Hand axe          ||    12
  Use: Scroll            ||     1
 Stab: Sleeping          ||     1
Dodge: Dodged            ||     7

Table legend: (Time is in decaauts)
 A = Elapsed time spent in this place.
 B = Non-inter-level travel time spent in this place.
 C = Inter-level travel time spent in this place.
 D = Time resting spent in this place.
 E = Time spent auto-exploring this place.
 F = Levels seen in this place.
 G = Mean time per level.
                   A        B        C        D        E       F      G
               +--------+--------+--------+--------+--------+-----+--------+
         Total |     46 |     46 |      0 |      0 |     14 |   1 |   46.0 |
       Dungeon |     46 |     46 |      0 |      0 |     14 |   1 |   46.0 |
               +--------+--------+--------+--------+--------+-----+--------+

Top non-repeatable levels by time:
     D:1: 46 daAuts
